cohdb
Replays
Latest Replays
All Replays
Popular Replays
Top Player Replays
Match Explorer
How It Works
Community
CoH3 Stats
Reddit
Sign in to upload your games and track your stats! →
Sign in with Steam
Match 44584034
Unlisted
Match 44584034
Overview
Messages
Build Orders
End
Construct Barracks
Selects Airborne Battlegroup
Selects Smoke Bombing Run
Selects Pathfinders
Riflemen Squad
Riflemen Squad
Riflemen Squad
Grenade Package
Construct Medical Station
Air Support Center
Riflemen Squad
Engineer Squad
M1918 Browning Automatic Rifles
Grasshopper Recon Run
Double Sortie
P-47 Strafing Run
.30 cal Machine Gun
Construct Weapon Support Center
.30 cal Machine Gun
Bazooka Squad
Improved M9 Bazooka Rockets
P-47 Strafing Run
Bazooka Squad
Selects Supply Drop
Construct Tank Depot
P-47 Strafing Run
Grasshopper Recon Run
P-47 Dive Bomb
Selects Carpet Bombing Run
M4(105) Sherman Bulldozer
M18 Hellcat Tank Destroyer
P-47 Strafing Run
Grasshopper Recon Run
M18 Hellcat Tank Destroyer
P-47 Strafing Run
Pedrohht
Joni
Legumes Shahbandar
Joraad
john_what
海边的异邦人
0
0
Comments
sign in to comment!
No comments posted yet!